 Dungeon Crawl Stone Soup version 0.26-a0-505-g732bf3b8d2 (webtiles) character file.

Game seed: 17430956539151370948

133 ANON1729 the Sneak (level 5, 0/32 HPs)
             Began as a Kobold Brigand on Aug 9, 2020.
             Slain by a gnoll
             ... wielding a +0 whip
              (8 damage)
             ... on level 4 of the Dungeon.
             The game lasted 00:05:40 (3145 turns).

ANON1729 the Sneak (Kobold Brigand)                 Turns: 3145, Time: 00:05:41

Health: 0/32       AC:  3    Str:  9    XL:     5   Next: 40%
Magic:  5/5        EV: 15    Int: 12    God:
Gold:   117        SH:  0    Dex: 17    Spells: 4/4 levels left

rFire    . . .     SeeInvis .   a - +2 dagger
rCold    . . .     Faith    .   (shield restricted)
rNeg     . . .     Spirit   .   b - +0 robe
rPois    .         Reflect  .   l - +2 hat
rElec    .         Harm     .   h - -2 cloak (curse)
rCorr    .                      (no gloves)
MR       .....                  (no boots)
Stlth    ++++......             (no amulet)
HPRegen  0.10/turn              (no ring)
MPRegen  0.09/turn              (no ring)

@: lethally poisoned (0 -> -1)
A: small, nightstalker 3
a: no special abilities


You were on level 4 of the Dungeon.
You visited 1 branch of the dungeon, and saw 4 of its levels.

You collected 117 gold pieces.

Inventory:

Hand Weapons
 a - a +2 dagger (weapon)
 j - a +2 whip of distortion
 s - a +3 quarterstaff of chaos
Missiles
 d - 6 poisoned darts (quivered)
 e - a curare-tipped dart
 q - 3 boomerangs
Armour
 b - a +0 robe (worn)
 c - a +0 cloak
 h - a cursed -2 cloak (worn)
 l - a +2 hat (worn)
Jewellery
 o - a cursed ring of attention {unknown}
Wands
 n - a wand of digging (5)
Scrolls
 f - 2 scrolls of identify
 g - a scroll of enchant armour
 k - a scroll of remove curse {unknown}
 v - a scroll of fear {unknown}
Potions
 i - a potion of curing {unknown}
 m - 2 potions of ambrosia
 p - a potion of heal wounds {unknown}
 r - a potion of might {unknown}
 t - a potion of flight {unknown}
 u - 2 potions of haste {unknown}


   Skills:
 + Level 3.1 Fighting
 * Level 4.0 Short Blades
 + Level 3.0 Throwing
 + Level 2.6 Dodging
 * Level 6.2 Stealth
 + Level 0.4 Evocations


You had 4 spell levels left.
You didn't know any spells.
Your spell library was empty.

Dungeon Overview and Level Annotations

Branches:
Dungeon (4/15)
 Temple: D:4-7

Altars:

Annotations:
D:1 Terence


Innate Abilities, Weirdness & Mutations

You are small and have problems with some larger weapons.
You are completely attuned to the shadows.


Message History

Throwing (i - inventory. (/) - cycle)
d - 6 poisoned darts (quivered)
Press: ? - help, Shift-Dir - straight line, f - gnoll
Aim: a gnoll, wielding a +0 whip
Okay, then.
Throwing (i - inventory. (/) - cycle)
d - 6 poisoned darts (quivered)
Press: ? - help, Shift-Dir - straight line, f - gnoll
Aim: a gnoll, wielding a +0 whip
Okay, then.
Fire/throw which item? (* to show all) (? for menu, Esc to quit)
You don't have any such object.
Fire/throw which item? (* to show all) (? for menu, Esc to quit)
You don't have any such object.
Fire/throw which item? (* to show all) (? for menu, Esc to quit)
Throwing (i - inventory. (/) - cycle)
d - 6 poisoned darts (quivered)
Press: ? - help, Shift-Dir - straight line, f - gnoll
Aim: a gnoll, wielding a +0 whip You throw a curare-tipped dart.
The curare-tipped dart barely misses the gnoll.
The gnoll hits you with a +0 whip!
You die...

# #.
...####
....@.#
###.g##
#..#
#..#
#.(#


You could see a gnoll.

Vanquished Creatures
  Crazy Yiuf (D:2)
  6 adders
  An ooze (D:3)
  2 worms (D:2)
  5 bats
  3 giant cockroaches
  4 goblins
  7 hobgoblins
  A quokka (D:2)
  2 frilled lizards
  5 kobolds
  6 rats
  A fungus (D:2)
44 creatures vanquished.

Notes
Turn   | Place    | Note
-------+----------+-------------------------------------------
     0 | D:1      | ANON1729 the Kobold Brigand began the quest for the Orb.
     0 | D:1      | Reached XP level 1. HP: 12/12 MP: 1/1
   295 | D:1      | Reached XP level 2. HP: 18/18 MP: 2/2
  1061 | D:2      | Reached XP level 3. HP: 22/22 MP: 3/3
  1593 | D:2      | Reached XP level 4. HP: 27/27 MP: 4/4
  1617 | D:2      | Noticed Terence
  2390 | D:2      | Found a runed translucent door.
  2393 | D:2      | Noticed Crazy Yiuf
  2398 | D:2      | Killed Crazy Yiuf
  2398 | D:2      | Reached skill level 6 in Stealth
  2398 | D:2      | Reached XP level 5. HP: 32/32 MP: 5/5
  2487 | D:3      | Noticed an ice beast
  3145 | D:4      | Slain by a gnoll

Illustrated notes

Levels and vault maps discovered:
D:1:      dpeg_arrival_pits, layout_basic, minmay_heptomino_l4
D:2:      layout_loops_cross, minmay_misc_feat_nine_boxes, uniq_terence,
          uniq_crazy_yiuf_cottage
D:3:      layout_rooms, kennysheep_boxes
D:4:      gammafunk_wand_slinger, layout_layer_cave, minmay_misc_feat_pillars

Skill      XL: |  1  2  3  4  5 |
---------------+----------------+-----
Short Blades   | 3 4 |  4.0
Dodging        | 2 |  2.6
Fighting       | 3 |  3.1
Throwing       | 3 |  3.0
Stealth        | 6 |  6.2
Evocations     | |  0.4

Action                   |  1- 3 |  4- 6 || total
-------------------------+-------+-------++-------
Melee: Dagger            |    54 |   100 ||   154
Throw: Dart              |       |     6 ||     6
  Use: Scroll            |     1 |       ||     1
       Potion            |       |     1 ||     1
 Stab: Sleeping          |    22 |     8 ||    30
Armor: Robe              |     6 |     5 ||    11
Dodge: Dodged            |    21 |    42 ||    63

Table legend: (Time is in decaauts)
 A = Elapsed time spent in this place.
 B = Non-inter-level travel time spent in this place.
 C = Inter-level travel time spent in this place.
 D = Time resting spent in this place.
 E = Time spent auto-exploring this place.
 F = Levels seen in this place.
 G = Mean time per level.
                   A        B        C        D        E       F      G
               +--------+--------+--------+--------+--------+-----+--------+
         Total |   3121 |   2983 |    138 |    899 |   1540 |   4 |  780.2 |
       Dungeon |   3121 |   2983 |    138 |    899 |   1540 |   4 |  780.2 |
               +--------+--------+--------+--------+--------+-----+--------+

Top non-repeatable levels by time:
     D:2: 1720 daAuts
     D:1: 1101 daAuts
     D:3: 296 daAuts
     D:4: 3 daAuts
